 Dungeon Crawl Stone Soup version 0.21.1-1-g345015fe64 (webtiles) character file.

8864 BrokenGlass the Grappler (level 11, -16/82 HPs)
             Began as an Octopode Fighter on Feb 12, 2018.
             Demolished by Felkjern's ghost (30 damage)
             ... on level 10 of the Dungeon.
             The game lasted 00:21:24 (13126 turns).

BrokenGlass the Grappler (Octopode Fighter)        Turns: 13126, Time: 00:21:25

Health: -16/82     AC:  1    Str: 18    XL:     11   Next: 37%
Magic:  14/14      EV: 18    Int: 10    God:
Gold:   565        SH:  0    Dex: 19    Spells: 10/10 levels left

rFire    + . .     SeeInvis .     - Unarmed
rCold    + . .     Gourm    .   (no shield)
rNeg     . . .     Faith    .   (helmet restricted)
rPois    .         Spirit   .   (no amulet)
rElec    .         Reflect  .   i - +6 ring of dexterity
rCorr    .         Harm     .   x - ring of flight
MR       .....                  C - ring of protection from cold
Stlth    +++++.....             M - ring of protection from fire
HPRegen  0.23/turn              (no ring)
MPRegen  0.14/turn              (no ring)
                                (no ring)
                                (no ring)

@: very slightly contaminated
A: almost no armour, stealthy swim, amphibious, 8 rings, constrict 8, camouflage
1, gelatinous body 1
a: Evoke Flight


You were on level 10 of the Dungeon.
You were hungry.

You visited 2 branches of the dungeon, and saw 12 of its levels.
You also visited: Ossuary.

You collected 609 gold pieces.
You spent 44 gold pieces at shops.

Inventory:

Hand Weapons
 u - a +0 hand crossbow
 A - a +0 blowgun
Missiles
 j - 17 tomahawks
 m - 4 poisoned javelins (quivered)
 p - 46 bolts
 B - 24 poisoned needles
Armour
 a - a +0 shield
Jewellery
 i - a +6 ring of dexterity (left tentacle)
 x - a ring of flight (right tentacle)
 C - a ring of protection from cold (on tentacle)
 J - an uncursed ring of fire
 M - a ring of protection from fire (on tentacle)
Wands
 l - a wand of enslavement (4)
 v - a wand of paralysis (22)
 w - a wand of flame (11)
 I - a wand of iceblast (14)
 K - a wand of scattershot (2)
Scrolls
 d - 5 scrolls of remove curse
 f - 5 scrolls of blinking {unknown}
 g - a scroll of magic mapping {unknown}
 k - 7 scrolls of identify
 q - 2 scrolls of immolation {unknown}
 r - a scroll of enchant weapon {unknown}
 t - 5 scrolls of teleportation {unknown}
 y - 2 scrolls of enchant armour {unknown}
 z - 2 scrolls of fog {unknown}
 D - a scroll of summoning {unknown}
Potions
 b - 4 potions of might
 e - a potion of berserk rage
 h - 5 potions of flight
 o - 2 potions of heal wounds
 E - 3 potions of curing {unknown}
 F - a potion of ambrosia {unknown}
 G - a potion of resistance {unknown}
 H - 3 potions of mutation {unknown}
 N - a potion of magic {unknown}
Books
 s - Sif Muna's Disquisition on Snow
   (You found it on level 4 of the Dungeon)

   Spells                             Type                      Level
   a - Freeze                         Ice                          1
Miscellaneous
 L - a crystal ball of energy
 O - a box of beasts
Comestibles
 c - 18 rations


   Skills:
 * Level 10.5 Fighting
 * Level 6.6 Dodging
 - Level 6.9 Stealth
 - Level 3.0 Shields
 * Level 11.0 Unarmed Combat
 - Level 5.1 Evocations


You had 10 spell levels left.
You didn't know any spells.

Dungeon Overview and Level Annotations

Branches:
Dungeon (11/15)            Temple (1/1) D:5            Lair (0/6) D:8
    Orc: D:9-12

Altars:
Ashenzari
Cheibriados
Dithmenos
Elyvilon
Fedhas
Gozag
Hepliaklqana
Kikubaaqudgha
Makhleb
Nemelex Xobeh
Okawaru
Qazlal
Ru
Sif Muna
Trog
Uskayaw
Vehumet
Wu Jian
Xom
Yredelemnul
Zin
The Shining One

Shops:
D:4 *

Annotations:
D:9 zxcv's ghost, journeyman DECj
D:10 Felkjern's ghost, journeyman TrMo


Innate Abilities, Weirdness & Mutations

You cannot wear most types of armour.
You are very stealthy in the water. (Stealth+)
You are amphibious.
You can wear up to eight rings at the same time.
You can use your tentacles to constrict eight enemies at once.
Your skin changes colour to match your surroundings (Stealth+).
Your rubbery body absorbs attacks. (AC +1, EV +1)


Message History

You bludgeon the two-headed ogre!
You kill the two-headed ogre!
Your Unarmed Combat skill increases to level 11!
Unknown command.
Unknown command.
Really walk into that teleport trap?
You enter a teleport trap!
The teleport trap disappears.
Your surroundings suddenly seem different.
Found a dagger.
You flicker for a moment.
There is a stone staircase leading up here.
You start resting.
You flicker back into view.
You start resting.
You climb upwards.
Level annotation: Felkjern's ghost, journeyman TrMo Felkjern's ghost hits you.
* * * LOW HITPOINT WARNING * * *
Felkjern's ghost hits you!!
You die...

#### ...# ## ...# #.# #### #..#
#.# #... +..### #.#########...
#....##### #.............
#........###########.............
#..............W.................
#...............@................
...............).................
.................................
.....######'#######..............
.....#............#...#######....
.....#............#...# #....
.รท...#...........W#'### #....
'#...#............... #....
.#...#............... #....


You could see Felkjern's ghost.

Vanquished Creatures
  2 two-headed ogres (D:11)
  An ugly thing (D:11)
  Maurice (D:8)
  A rime drake (D:11)
  A kobold demonologist (D:11)
  A komodo dragon (D:10)
  Grinder (D:6)
  3 hippogriffs
  A spriggan (D:7)
  2 wyverns
  Duvessa (D:5)
  An ice beast (D:11)
  4 orc warriors
  A sky beast (D:7)
  6 ogres
  7 centaurs
  2 wolves (D:8)
  3 big kobolds
  6 bullfrogs
  7 scorpions
  A wight (D:7)
  2 vampire bats (D:2)
  2 crimson imps
  A centaur zombie (D:5)
  A bullfrog zombie (D:11)
  A quasit (D:7)
  9 hounds
  4 jellies (D:11)
  2 orc priests
  A centaur skeleton (D:6)
  8 orc wizards
  Crazy Yiuf (D:3)
  2 bullfrog skeletons
  Ijyb (D:3)
  5 worker ants
  A hound skeleton (D:7)
  2 mummies (Ossuary)
  9 adders
  3 shadow imps
  A worm zombie (D:8)
  4 adder skeletons
  3 worms
  3 dart slugs
  6 leopard geckos
  23 orcs
  2 bat skeletons (D:2)
  4 bat zombies (D:2)
  4 giant cockroaches
  3 gnoll zombies (Ossuary)
  9 goblins
  9 hobgoblins
  11 jackals
  6 quokkas
  10 bats
  3 frilled lizards
  A gnoll skeleton (Ossuary)
  6 goblin skeletons (Ossuary)
  2 goblin zombies (Ossuary)
  2 hobgoblin skeletons (Ossuary)
  3 hobgoblin zombies (Ossuary)
  A jackal skeleton (D:5)
  21 kobolds
  A kobold skeleton (Ossuary)
  3 kobold zombies (Ossuary)
  A leopard gecko skeleton (D:4)
  3 orc skeletons (Ossuary)
  5 orc zombies (Ossuary)
  A quokka skeleton (D:5)
  10 rats
  3 rat skeletons (Ossuary)
  2 rat zombies (Ossuary)
274 creatures vanquished.

Vanquished Creatures (collateral kills)
  An ogre mage (D:11)
  A rime drake (D:11)
  3 wights (D:7)
  An orc (D:7)
6 creatures vanquished.

Vanquished Creatures (others)
  A two-headed ogre (D:11)
  Menkaure (Ossuary)
  Dowan (D:5)
  A mummy (Ossuary)
  5 goblin zombies (Ossuary)
  3 hobgoblin skeletons (Ossuary)
  A hobgoblin zombie (Ossuary)
  3 kobold skeletons (Ossuary)
  2 orc skeletons (Ossuary)
  An orc zombie (Ossuary)
  A rat skeleton (Ossuary)
20 creatures vanquished.

Grand Total: 300 creatures vanquished

Notes
Turn   | Place    | Note
-------+----------+-------------------------------------------
     0 | D:1      | BrokenGlass the Octopode Fighter began the quest for the Orb.
     0 | D:1      | Reached XP level 1. HP: 16/16 MP: 1/1
   424 | D:1      | Reached XP level 2. HP: 19/21 MP: 2/2
   479 | D:1      | Reached skill level 3 in Unarmed Combat
   894 | D:1      | Reached XP level 3. HP: 26/26 MP: 3/3
  1312 | D:2      | Reached skill level 4 in Unarmed Combat
  1334 | D:2      | Reached XP level 4. HP: 17/31 MP: 4/4
  1846 | D:2      | Found a stormy altar of Qazlal.
  1905 | D:2      | Found an ancient bone altar of Kikubaaqudgha.
  1910 | D:2      | Reached XP level 5. HP: 22/36 MP: 5/5
  1927 | D:2      | Reached skill level 5 in Unarmed Combat
  2382 | D:3      | Noticed Ijyb
  2398 | D:3      | Killed Ijyb
  2444 | D:3      | Found a faded altar of an unknown god.
  2772 | D:3      | Reached XP level 6. HP: 17/43 MP: 6/6
  3302 | D:3      | Found a runed door.
  3593 | D:3      | Noticed Crazy Yiuf
  3600 | D:3      | Killed Crazy Yiuf
  3909 | D:4      | Found Yggouxig's General Store.
  3916 | D:4      | Bought a potion of might for 44 gold pieces
  4083 | D:4      | Reached skill level 6 in Unarmed Combat
  4154 | D:4      | Reached skill level 5 in Fighting
  4154 | D:4      | Reached XP level 7. HP: 45/50 MP: 7/7
  4242 | D:4      | Found a hide-covered altar of Uskayaw.
  4327 | D:4      | Found a deep blue altar of Sif Muna.
  4344 | D:4      | Identified Sif Muna's Disquisition on Snow
  4648 | D:4      | Reached skill level 1 in Stealth
  4759 | D:5      | Entered Level 5 of the Dungeon
  4760 | D:5      | Found a sparkling altar of Nemelex Xobeh.
  4825 | D:5      | Found a blossoming altar of Fedhas.
  4923 | D:5      | Found a staircase to the Ecumenical Temple.
  4925 | D:5      | Noticed Dowan
  4930 | D:5      | Noticed Duvessa
  4936 | D:5      | Your ally died
  4959 | D:5      | Reached skill level 1 in Evocations
  4972 | Temple   | Entered the Ecumenical Temple
  5246 | D:5      | HP: 1/50 [adder (4)]
  5249 | D:5      | Killed Duvessa
  5701 | D:5      | Reached XP level 8. HP: 52/57 MP: 9/9
  6113 | D:5      | You fall through a shaft for 2 floors!
  6131 | D:7      | Reached skill level 7 in Unarmed Combat
  6310 | D:7      | Found a shattered altar of Ashenzari.
  6312 | D:7      | Found a hazy altar of Hepliaklqana.
  6319 | D:7      | Found an ornate altar of the Wu Jian Council.
  7033 | D:7      | Reached XP level 9. HP: 61/64 MP: 11/11
  7501 | D:6      | Found a sacrificial altar of Ru.
  7509 | D:6      | Noticed Grinder
  7514 | D:6      | Killed Grinder
  7514 | D:6      | Reached skill level 5 in Stealth
  7514 | D:6      | Reached skill level 8 in Unarmed Combat
  7670 | D:6      | Found an iron altar of Okawaru.
  8790 | D:8      | Found a sand-covered staircase.
  8797 | Ossuary  | Entered an ossuary
  9046 | Ossuary  | Killed Menkaure
  9576 | D:8      | Noticed a troll
  9687 | D:8      | HP: 2/66 [wolf (7)]
  9689 | D:8      | Reached skill level 9 in Unarmed Combat
  9973 | D:8      | Found a staircase to the Lair.
 10002 | D:8      | Reached skill level 5 in Evocations
 10002 | D:8      | Reached XP level 10. HP: 8/73 MP: 13/13
 10347 | D:8      | Noticed a cyan ugly thing
 10398 | D:9      | Found a basalt altar of Yredelemnul.
 10398 | D:9      | Noticed zxcv's ghost (journeyman DECj)
 11174 | D:8      | Noticed Maurice
 11183 | D:8      | Killed Maurice
 11465 | D:9      | Found a shadowy altar of Dithmenos.
 11500 | D:10     | Entered Level 10 of the Dungeon
 11840 | D:10     | Reached skill level 10 in Unarmed Combat
 11857 | D:10     | Noticed Felkjern's ghost (journeyman TrMo)
 11924 | D:11     | Noticed an ogre mage
 11924 | D:11     | Noticed a two-headed ogre
 12057 | D:11     | Noticed a kobold demonologist
 12074 | D:11     | Killed a kobold demonologist
 12074 | D:11     | Reached skill level 5 in Dodging
 12178 | D:11     | Noticed a two-headed ogre
 12196 | D:11     | Noticed a red ugly thing
 12211 | D:11     | Killed a red ugly thing
 12527 | D:11     | Killed a two-headed ogre
 12527 | D:11     | Reached skill level 10 in Fighting
 12527 | D:11     | Reached XP level 11. HP: 73/81 MP: 14/14
 12862 | D:10     | Found Waza's Assorted Antiques.
 13061 | D:11     | Noticed a two-headed ogre
 13062 | D:11     | Killed an ogre mage
 13091 | D:11     | Killed a two-headed ogre
 13091 | D:11     | Reached skill level 11 in Unarmed Combat
 13126 | D:10     | Demolished by Felkjern's ghost

Skill      XL: |  1  2  3  4  5  6  7  8  9 10 11 |
---------------+----------------------------------+-----
Unarmed Combat | 3 4 5 6 7 9 10 11 | 11.0
Fighting       | 4 5 7 8 10 | 10.5
Stealth        | 2 4 6 |  6.9
Evocations     | 1 3 5 |  5.1
Dodging        | 5 6 |  6.6
Shields        | |  3.0

Action                   |  1- 3 |  4- 6 |  7- 9 | 10-12 || total
-------------------------+-------+-------+-------+-------++-------
Melee: Unarmed           |    79 |   125 |   254 |   167 ||   625
       Constrict         |    23 |    41 |    53 |    30 ||   147
       Tentacles         |    15 |    30 |    54 |    49 ||   148
       Punch             |     3 |     5 |    24 |    16 ||    48
Throw: Javelin           |       |     2 |     4 |     8 ||    14
Evoke: Wand              |       |       |    13 |     8 ||    21
  Use: Scroll            |       |     1 |     3 |       ||     4
       Potion            |       |       |     4 |     3 ||     7
 Stab: Sleeping          |     4 |     7 |    30 |    16 ||    57
       Paralysed         |       |       |     4 |     4 ||     8
       Distracted        |       |       |     2 |     1 ||     3
       Invisible         |       |       |       |     3 ||     3
  Eat: Chunk             |     1 |     6 |    11 |     9 ||    27
       Ration            |       |     1 |     2 |       ||     3
Armor: Skin              |     9 |    18 |     8 |     3 ||    38
Dodge: Dodged            |    60 |    98 |   130 |    88 ||   376
